 Dungeon Crawl Stone Soup version 0.25.0-10-g039870ee82 (webtiles) character file.

Game seed: 8714376963396858757

1556 Lepercus the Fighter (level 8, 0/75 HPs)
             Began as a Grey Draconian Berserker on June 23, 2020.
             Was a Priest of Trog.
             Slain by a hornet (17 damage)
             ... on level 7 of the Dungeon.
             The game lasted 00:39:32 (2854 turns).

Lepercus the Fighter (Grey Draconian Berserker)     Turns: 2854, Time: 00:39:33

Health: 0/75       AC: 11    Str: 21    XL:     8   Next: 58%
Magic:  8/8        EV: 14    Int:  8    God:    Trog [***...]
Gold:   126        SH:  0    Dex: 11    Spells: 7/7 levels left

rFire    . . .     SeeInvis .     - Unarmed
rCold    . . .     Gourm    .   (no shield)
rNeg     . . .     Faith    .   (armour unavailable)
rPois    .         Spirit   .   (helmet restricted)
rElec    .         Reflect  .   (no cloak)
rCorr    .         Harm     .   (no gloves)
MR       .....                  (no boots)
Stlth    +.........             (no amulet)
HPRegen  0.22/turn              (no ring)
MPRegen  0.11/turn              (no ring)

@: no status effects
A: walk through water, unfitting armour, unbreathing, cold-blooded, AC +11
a: Berserk, Trog's Hand, Renounce Religion


You were on level 7 of the Dungeon.
You worshipped Trog.
Trog was most pleased with you.
You were not hungry.

You visited 2 branches of the dungeon, and saw 8 of its levels.

You collected 126 gold pieces.

Inventory:

Jewellery
 d - an uncursed ring of flight
 k - an uncursed ring of magical power
 l - an uncursed ring of wizardry
Scrolls
 e - 2 scrolls of remove curse
 m - a scroll of amnesia
Potions
 a - a potion of lignification
 b - a potion of brilliance
 c - 2 potions of mutation {unknown}
 f - a potion of curing
Comestibles
 j - 2 rations


   Skills:
 * Level 8.4 Fighting
 + Level 5.7 Dodging
 - Level 0.4 Stealth
 + Level 6.7 Unarmed Combat


You had 7 spell levels left.
You didn't know any spells.
Your spell library contained the following spells:

 Spells                   Type           Power        Failure   Level  Hunger
 Confusing Touch          Hex            #.......     78%         3    ####...
 Gell's Gravitas          Tloc           #.........   78%         3    ####...
 Petrify                  Tmut/Erth      #.......     99%         4    #####..
 Metabolic Englaciation   Hex/Ice        #.........   100%        5    ######.
 Yara's Violent Unravell  Hex/Tmut       #.........   100%        5    ######.


Dungeon Overview and Level Annotations

Branches:
Dungeon (7/15)             Temple (1/1) D:4

Altars:
Cheibriados
Dithmenos
Elyvilon
Fedhas
Gozag
Hepliaklqana
Makhleb
Nemelex Xobeh
Qazlal
Sif Muna
Uskayaw
Vehumet
Wu Jian
Xom
Yredelemnul
Zin

Shops:
D:4 (   D:7 [

Portals:
Ossuary: D:7


Innate Abilities, Weirdness & Mutations

You can walk through water.
Your dull iron-grey scales are very hard. (AC +11)
You cannot fit into any form of body armour.
You can survive without breathing.
You are cold-blooded and may be slowed by cold attacks.


Message History

The hornet closely misses you.
You barely miss the hornet.
You tail-slap the hornet, but do no damage.
The hornet is moderately wounded.
The hornet stings you but does no damage.
The hornet completely misses you.
You barely miss the hornet.
You tail-slap the hornet, but do no damage.
The hornet is moderately wounded.
You feel yourself speed up. The hornet barely misses you. x2
You hit the hornet.
The hornet is moderately wounded.
The hornet stings you but does no damage.
The hornet barely misses you.
You hit the hornet but do no damage.
The hornet is moderately wounded.
The giant cockroach bites you but does no damage.
The hornet stings you!
You die...

# ##. #..# #.[ #..# #.#
#####..##########y#####
..............>.@s.?..#
#####..########.#####..8
#####..# #.#
#...#..########.#
...........)....#
.......########)#####.#
.(∩....# #........
.......# #.#####.#
.......# #.#


You could see a hornet and a giant cockroach.

Vanquished Creatures
  A hungry ghost (D:6)
  3 ice beasts
  2 orc warriors
  A black bear (D:6)
  A bullfrog (D:6)
  A gnoll sergeant (D:6)
  A howler monkey (D:4)
  3 crimson imps
  4 orc priests
  A hound (D:6)
  A jelly (D:6)
  Jessica (D:2)
  2 bullfrog skeletons
  Terence (D:2)
  An iguana (D:6)
  3 orc wizards
  A worker ant (D:5)
  Robin (D:2)
  5 gnolls (D:6)
  A howler monkey skeleton (D:4)
  2 adders
  3 shadow imps
  3 worms
  2 dart slugs
  A leopard gecko (D:3)
  15 orcs
  2 ball pythons
  2 giant cockroaches
  10 goblins
  5 hobgoblins
  5 jackals
  2 quokkas (D:2)
  4 bats
  5 frilled lizards
  5 kobolds
  4 rats
  A butterfly (D:4)
106 creatures vanquished.

Notes
Turn   | Place    | Note
-------+----------+-------------------------------------------
     0 | D:1      | Lepercus the Draconian Berserker began the quest for the
                  | Orb.
     0 | D:1      | Reached XP level 1. HP: 19/19 MP: 1/1
    61 | D:1      | Reached XP level 2. HP: 24/26 MP: 2/2
   400 | D:2      | Noticed Robin
   430 | D:2      | Killed Robin
   430 | D:2      | Reached XP level 3. HP: 11/31 MP: 3/3
   592 | D:2      | Noticed Jessica
   609 | D:2      | Killed Jessica
   609 | D:2      | Reached XP level 4. HP: 8/40 MP: 4/4
   634 | D:2      | Reached ** piety under Trog
   665 | D:2      | Noticed Terence
   688 | D:2      | Killed Terence
   844 | D:2      | HP: 1/60 [worm (12)]
  1112 | D:3      | Reached XP level 5. HP: 13/46 MP: 5/5
  1292 | D:4      | Found a staircase to the Ecumenical Temple.
  1296 | D:4      | Noticed an orc warrior
  1304 | D:4      | Reached skill level 4 in Fighting
  1314 | D:4      | Killed an orc warrior
  1314 | D:4      | Reached skill level 5 in Unarmed Combat
  1314 | D:4      | Reached XP level 6. HP: 29/53 MP: 6/6
  1394 | Temple   | Entered the Ecumenical Temple
  1693 | D:4      | Found an opulent altar of Gozag.
  1745 | D:4      | Reached skill level 5 in Fighting
  1805 | D:4      | Found Edac's Antique Weapon Boutique.
  1966 | D:5      | Entered Level 5 of the Dungeon
  2018 | D:5      | Reached *** piety under Trog
  2190 | D:5      | Your scales start taking on a dull iron-grey colour.
  2190 | D:5      | Reached XP level 7. HP: 48/61 MP: 7/7
  2190 | D:5      | Gained mutation: You can survive without breathing. [Grey
                  | Draconian growth]
  2373 | D:6      | Reached skill level 6 in Fighting
  2419 | D:6      | Reached skill level 5 in Dodging
  2429 | D:6      | HP: 1/64 [bullfrog skeleton (7)]
  2433 | D:6      | Reached skill level 7 in Fighting
  2582 | D:6      | Noticed a hungry ghost
  2605 | D:6      | Killed a hungry ghost
  2605 | D:6      | Reached XP level 8. HP: 52/73 MP: 8/8
  2655 | D:6      | Reached skill level 8 in Fighting
  2665 | D:6      | Found a glowing silver altar of Zin.
  2762 | D:7      | Found a sand-covered staircase.
  2802 | D:7      | Found Qar Quj's Antique Armour Emporium.
  2847 | D:7      | Noticed a hornet
  2854 | D:7      | Slain by a hornet

Illustrated notes

Levels and vault maps discovered:
D:1:      enne_arrival_octagon_isle, layout_basic
D:2:      minmay_skewed_foursquare, layout_basic, uniq_terence, uniq_robin,
          uniq_jessica
D:3:      layout_loops_cross, chequers_ecumenical_altar_lobes,
          minmay_ogre_servants
D:4:      layout_loops_ring, lemuel_round_altar, lightli_temple_of_fire,
          lemuel_coloured_pillars_altar, minmay_temple_entry_butterflies,
          serial_shops, nicolae_shop_stone, led_sif_book
D:5:      layout_loops_corners, first_ration, uniq_pikel
D:6:      layout_rooms, overflow_temple_1_default
D:7:      layout_loops_ring, lemuel_mausoleum_altar_kikubaaqudgha, serial_shops,
          shop, nicolae_shop_temple_entry_statues_fountains, shop,
          enter_ossuary_5
Temple:   dpeg_chambers_temple

Skill      XL: |  1  2  3  4  5  6  7  8 |
---------------+-------------------------+-----
Dodging        | 3 4 5 |  5.7
Unarmed Combat | 4 5 6 |  6.7
Fighting       | 4 5 7 8 |  8.4
Stealth        | |  0.4

Action                   |  1- 3 |  4- 6 |  7- 9 || total
-------------------------+-------+-------+-------++-------
Melee: Unarmed           |    91 |   244 |   158 ||   493
       Tailslap          |     8 |    30 |    28 ||    66
       Punch             |     1 |     4 |     4 ||     9
Invok: Berserk           |     2 |     5 |     3 ||    10
       Trog's Hand       |       |     1 |     2 ||     3
  Use: Potion            |       |       |     6 ||     6
       Scroll            |       |       |     4 ||     4
  Eat: Chunk             |       |     4 |     1 ||     5
       Ration            |       |     2 |     3 ||     5
Armor: Skin              |    24 |    51 |    83 ||   158
Dodge: Dodged            |    45 |   106 |   135 ||   286
